 Dungeon Crawl Stone Soup version 0.30-a0-799-g109b55a442 (webtiles) character file.

Game seed: 5759072567501457680

39 Esekla the Sneak (level 3, 8/26 HPs)
             Began as an Octopode Delver on Feb 21, 2023.
             Quit the game on level 5 of the Dungeon.
             The game lasted 00:01:19 (66 turns).

Esekla the Sneak (Octopode Delver)                    Turns: 66, Time: 00:01:20

Health: 8/26       AC:  1    Str: 11    XL:     3   Next: 47%
Magic:  4/4        EV: 13    Int: 14    God:
Gold:   25         SH:  0    Dex: 13    Spells: 3/3 levels left

rFire   . . .      SeeInvis .    a - +0 falchion
rCold   . . .      Faith    .    (no shield)
rNeg    . . .      Spirit   .    (helmet restricted)
rPois   .          Reflect  .    (no amulet)
rElec   .          Harm     .    (no ring)
rCorr   .          Rampage  .    (no ring)
Will    .....                    (no ring)
Stlth   ++++                     (no ring)
HPRegen 0.24/turn                (no ring)
MPRegen 0.09/turn                (no ring)
                                 (no ring)
                                 (no ring)

@: no status effects
A: almost no armour, amphibious, 8 rings, camouflage 1, gelatinous body 1,
(nimble swimmer 1), tentacles
a: no special abilities


You were on level 5 of the Dungeon.
You visited 1 branch of the dungeon, and saw 1 of its levels.

You collected 25 gold pieces.

Inventory:

Hand Weapons
 a - a +0 falchion (weapon)
Missiles
 c - 4 javelins (quivered)
Wands
 f - a wand of digging (3)
Scrolls
 b - a scroll of fog
 d - a scroll of fear
Potions
 e - a potion of haste


   Skills:
 * Level 3.2 Fighting
 * Level 2.2 Long Blades
 * Level 2.2 Dodging
 + Level 7.3 Stealth
 * Level 0.7 Spellcasting


You had 3 spell levels left.
You didn't know any spells.
Your spell library was empty.

Dungeon Overview and Level Annotations

Branches:
Dungeon (5/15)
 Temple: D:4-7

Altars:
Trog

Annotations:
D:5 Edmund


Innate Abilities, Weirdness & Mutations

You cannot wear most types of armour.
You are amphibious.
You can wear up to eight rings at the same time.
Your skin changes colour to match your surroundings (Stealth+).
Your rubbery body absorbs attacks. (AC +1, EV +1)
((You are camouflaged when in or above water. (Stealth+)))
You have tentacles for arms and can constrict up to eight enemies at once.


Message History

The hound barks!
The hound attacks as you move away! The hound barely misses you.
The adder barely misses you. The hound misses you.
The hound attacks as you move away! The hound misses you. The hound misses you.
The adder bites you.
You hit the adder. You grab the adder. You tentacle-slap the adder.
The adder is severely wounded.
You constrict the adder. The adder bites you.
You hit the adder but do no damage.
The adder is almost dead.
You constrict the adder.
You kill the adder!
The hound bites you.
You have reached level 2!
You slash the hound! Your grab misses the hound. Your squeeze misses the hound.
The hound is heavily wounded.
The hound bites you.
* * * LOW HITPOINT WARNING * * *
You hit the hound. You grab the hound. You squeeze the hound.
The hound is almost dead.
You constrict the hound. The hound bites you.
* * * LOW HITPOINT WARNING * * *
The hound completely misses you.
You hit the hound.
You kill the hound!
Your Stealth skill increases to level 7!
You have reached level 3!
Your experience leads to an increase in your attributes!
Increase (S)trength, (I)ntelligence, or (D)exterity?
You feel clever. x2
Things that are here:
a hound corpse; an adder corpse You hear the slow rusting of a very distant drain.
Found 19 gold pieces.
You now have 25 gold pieces (gained 19).
You open the door.
Found a bloodstained altar of Trog.
There is an open door here.
Are you sure you want to abandon this character and quit the game? (Confirm with "yes".)

,* *,...........##.######...####
******#######.......# #...# ,>,*
#.####### #...# **,* #.# #...#
**,**** #.# ****##.##
**,**,*######.### *,,,,,..*
**,*,,..........######,****,,****
,,,,,,...##..........#,****,,,,,,
**,**,**,*#..###@###...,,,**,**,,
,,,,,,**,*##.* #.# *,*,**,,,,,,,*
**,*****,* #.**#.#**,*,*****,**,*
*,*****,* #.**#_.,+,*,,,,,,,**,*
*,,,,,,,* #.**#.#**,,,********,,
********* *,* #.# *,*** *,,,,,,
*,**#+#**,* *,***** *,,,,,,,,,*
***,*** *******,,*****,,,,,*


There were no monsters in sight!

Vanquished Creatures
  A hound (D:5)
  An adder (D:5)
2 creatures vanquished.

Notes
Turn   | Place    | Note
-------+----------+-------------------------------------------
     0 | D:5      | Esekla the Octopode Delver began the quest for the Orb.
     0 | D:5      | Reached XP level 1. HP: 16/16 MP: 1/1
     0 | D:5      | Noticed Edmund
     7 | D:5      | Noticed a hound
    34 | D:5      | Reached XP level 2. HP: 8/21 MP: 2/2
    35 | D:5      | HP: 1/21 [hound (3)]
    37 | D:5      | Reached skill level 7 in Stealth
    37 | D:5      | Reached XP level 3. HP: 1/26 MP: 2/4
    64 | D:5      | Found a bloodstained altar of Trog.
    66 | D:5      | Quit the game

Illustrated notes

Levels and vault maps discovered:
D:5:      layout_loops_cross, lemuel_doored_altar, cheibrodos_sewer_entry_bend,
          kennysheep_crisscross, uniq_edmund, uniq_grinder, uniq_pikel

Skill      XL: |  1  2 |
---------------+-------+-----
Stealth        | 7 |  7.3
Fighting       | |  3.2
Long Blades    | |  2.2
Dodging        | |  2.2
Spellcasting   | |  0.7

Action                     || total
---------------------------++-------
  Melee: Falchion          ||     5
         Constrict         ||     2
         Punch             ||     1
         Tentacles         ||     1
    Use: Scroll            ||     1
  Dodge: Dodged            ||     7

Table legend: (Time is in decaauts)
 A = Elapsed time spent in this place.
 B = Non-inter-level travel time spent in this place.
 C = Inter-level travel time spent in this place.
 D = Time resting spent in this place.
 E = Time spent auto-exploring this place.
 F = Levels seen in this place.
 G = Mean time per level.
                   A        B        C        D        E       F      G
               +--------+--------+--------+--------+--------+-----+--------+
         Total |     67 |     67 |      0 |      0 |      0 |   1 |   67.0 |
       Dungeon |     67 |     67 |      0 |      0 |      0 |   1 |   67.0 |
               +--------+--------+--------+--------+--------+-----+--------+

Top non-repeatable levels by time:
     D:5: 67 daAuts
